AoeStats
← BabyYoda1279

Black Forest

505321481Analyzed
1v1 RM · 25d ago on Sep 8, 2026· 31m 6s· 2 players
Game mode
Random Map
Map size
Tiny (2 player)
Population
200
Speed
Normal
Resources
Standard
Victory
Conquest
Starting age
Dark Age
Ending age
Imperial Age
RankedLock teamsTeams togetherTeam positionsShared explorationLock speedFull tech treeHidden civsTurbo modeCheats
Victory
Defeat
🇲🇽 Goths · Mexico
824
+15
🇪🇨 Franks · Ecuador
792
-15
BabyYoda1279
11:48 Feudal Age
17:00 Castle Age
16:58 Scale Barding Armor
19:29 Forging
28:11 Husbandry
Albert Wesker
9:57 Feudal Age
10:43 Double-Bit Axe
14:18 Gold Mining
14:46 Man-at-Arms
19:02 Scale Mail Armor
19:14 Forging
19:26 Horse Collar
22:22 Wheelbarrow
Connection lost

Rejoining the realm…

Still unreachable

The connection could not be restored.

Session expired

The server has moved on; the page needs a fresh start.